 Dungeon Crawl Stone Soup version 0.23-a0-395-gcf17ac6c65 (webtiles) character file.

920 PikkenKukken the Magician (level 8, -4/57 HPs)
             Began as a Gnoll Wizard on Nov 1, 2018.
             Shot with an arrow by a centaur (9 damage)
             ... on level 5 of the Dungeon.
             The game lasted 00:16:51 (5681 turns).

PikkenKukken the Magician (Gnoll Wizard)            Turns: 5681, Time: 00:16:51

Health: -4/57      AC:  4    Str: 10    XL:     8   Next: 10%
Magic:  12/19      EV: 15    Int: 22    God:
Gold:   207        SH:  0    Dex: 14    Spells: 11/22 levels left

rFire    . . .     SeeInvis .   s - -3 spear (curse)
rCold    . . .     Gourm    .   (no shield)
rNeg     . . .     Faith    .   a - +0 robe
rPois    .         Spirit   .   b - +1 hat
rElec    .         Reflect  .   (no cloak)
rCorr    .         Harm     .   n - +0 pair of gloves (curse)
MR       .....                  (no boots)
Stlth    +++.......             (no amulet)
HPRegen  0.19/turn              (no ring)
MPRegen  0.16/turn              (no ring)

@: flying
A: distributed training, fangs 1, strong nose
a: no special abilities


You were on level 5 of the Dungeon.
You were not hungry.

You visited 1 branch of the dungeon, and saw 5 of its levels.
You also visited: Ossuary.

You collected 207 gold pieces.

Inventory:

Hand Weapons
 f - a +1 mace
 j - a +1 war axe of electrocution
 s - a cursed -3 spear (weapon)
Armour
 a - a +0 robe (worn)
 b - a +1 hat (worn)
 n - a cursed +0 pair of gloves (worn)
Scrolls
 c - 6 scrolls of enchant weapon
 e - 4 scrolls of identify
 i - 5 scrolls of magic mapping
 l - 3 scrolls of teleportation
 p - 3 scrolls of blinking
 r - 2 scrolls of enchant armour
Potions
 g - 2 potions of curing
 h - a potion of heal wounds {unknown}
 k - a potion of flight
 m - a potion of cancellation {unknown}
 o - a potion of might {unknown}
 q - a potion of haste {unknown}
 t - a potion of agility
Comestibles
 d - 6 rations
 u - a chunk of flesh


   Skills:
 + Level 2.9 Fighting
 + Level 2.9 Short Blades
 + Level 2.9 Long Blades
 + Level 2.9 Axes
 + Level 2.9 Maces & Flails
 + Level 2.9 Polearms
 + Level 2.9 Staves
 + Level 2.9 Slings
 + Level 2.9 Bows
 + Level 2.9 Crossbows
 + Level 2.9 Throwing
 + Level 2.9 Armour
 + Level 5.4 Dodging
 + Level 5.1 Stealth
 + Level 2.9 Shields
 + Level 2.9 Unarmed Combat
 + Level 7.7 Spellcasting
 + Level 3.2 Conjurations
 + Level 2.3 Hexes
 + Level 2.3 Charms
 + Level 3.2 Summonings
 + Level 2.3 Necromancy
 + Level 3.2 Translocations
 + Level 2.3 Transmutations
 + Level 2.3 Fire Magic
 + Level 2.3 Ice Magic
 + Level 2.3 Air Magic
 + Level 2.3 Earth Magic
 + Level 2.3 Poison Magic
 + Level 3.2 Invocations
 + Level 2.9 Evocations


You had 11 spell levels left.
You knew the following spells:

 Your Spells              Type           Power        Failure   Level  Hunger
a - Magic Dart            Conj           ###.         1%          1    None
b - Call Imp              Summ           ###.....     3%          2    None
c - Blink                 Tloc           N/A          3%          2    None
d - Conjure Flame         Conj/Fire      ###.....     8%          3    None
e - Mephitic Cloud        Conj/Pois/Air  ###.....     8%          3    None

Your spell library contained the following spells:

 Spells                   Type           Power        Failure   Level  Hunger
 Slow                     Hex            ###.....     4%          2    None


Dungeon Overview and Level Annotations

Branches:
Dungeon (5/15)
 Temple: D:4-7

Altars:
Dithmenos

Shops:
D:5 }


Innate Abilities, Weirdness & Mutations

Your experience applies equally to all skills.
You have very sharp teeth.
Your uncanny sense of smell can sniff out nearby items.


Message History

Attack!
The centaur shoots an arrow.
The arrow misses you. The arrow barely misses your iron imp.
The arrow hits the worm!
The worm dies!
Your crimson imp completely misses the centaur.
It was a potion of flight.
You feel very buoyant.
You fly up into the air.
The centaur shoots an arrow.
The arrow completely misses you.
The centaur shoots an arrow.
The arrow hits your iron imp.
Your crimson imp hits the centaur.
The worker ant barely misses your iron imp.
The centaur shoots an arrow.
The arrow hits your iron imp!
Your iron imp dies!
Your crimson imp blinks!
You see here 4 arrows.
The centaur shoots an arrow.
The arrow hits you!
* * * LOW HITPOINT WARNING * * *
x2 The worker ant closely misses you.
The centaur shoots an arrow.
The arrow barely misses you.
The centaur shoots an arrow.
The arrow hits you!
You die...

.....#..#.#.....##.............
....###'#.###..####...........#
÷...#.'∩'...................###
#..##.#'#............###.....
##.#....#............###...5.
##.#.................... ...
.........#.........(.(.8
..#..................##.
.###............@......8
..#............a##.##...
........#..5c.((##.##..
#.##....##....#(§(5....
..##...##....###..(...
###.......(.## ##....
......).....# ##. ............#
.....#.......#


You could see a centaur, a worker ant and a friendly crimson imp.

Vanquished Creatures
  Eustachio (D:5)
  An ogre (D:5)
  An elf zombie (Ossuary)
  A bullfrog (D:3)
  A scorpion (D:4)
  A jelly (D:3)
  A centaur zombie (Ossuary)
  2 human zombies (Ossuary)
  3 worker ants (D:4)
  4 big kobold zombies (Ossuary)
  A hound skeleton (D:4)
  A hound zombie (Ossuary)
  3 mummies (Ossuary)
  3 gnolls (D:4)
  3 adders
  9 oozes
  An adder zombie (Ossuary)
  A worm (D:3)
  3 dart slugs
  3 leopard geckos
  6 orcs
  5 bats
  4 giant cockroaches
  7 goblins
  9 hobgoblins
  3 jackals (D:1)
  2 quokkas
  A ball python (D:5)
  A ball python skeleton (D:4)
  2 frilled lizards
  2 gnoll zombies (Ossuary)
  3 goblin zombies (Ossuary)
  3 hobgoblin zombies (Ossuary)
  5 jackal zombies (Ossuary)
  15 kobolds
  3 kobold zombies (Ossuary)
  5 quokka zombies (Ossuary)
  12 rats
  4 rat zombies (Ossuary)
  A fungus (D:3)
137 creatures vanquished.

Vanquished Creatures (collateral kills)
  A crimson imp (D:5)
  A worker ant (D:4)
  A dart slug (D:1)
3 creatures vanquished.

Vanquished Creatures (others)
  A worm (D:5)
  12 toadstools (D:3)
13 creatures vanquished.

Grand Total: 153 creatures vanquished

Notes
Turn   | Place    | Note
-------+----------+-------------------------------------------
     0 | D:1      | PikkenKukken the Gnoll Wizard began the quest for the Orb.
     0 | D:1      | Reached XP level 1. HP: 13/13 MP: 8/8
   130 | D:1      | Reached XP level 2. HP: 19/19 MP: 5/10
   172 | D:1      | Learned a level 2 spell: Call Imp
   175 | D:1      | Learned a level 2 spell: Blink
   379 | D:1      | Reached XP level 3. HP: 20/25 MP: 5/11
   850 | D:1      | Learned a level 3 spell: Conjure Flame
   854 | D:1      | Learned a level 3 spell: Mephitic Cloud
  1019 | D:2      | Reached skill level 1 in Invocations
  1418 | D:2      | Reached skill level 1 in Fighting
  1418 | D:2      | Reached skill level 1 in Short Blades
  1418 | D:2      | Reached skill level 1 in Long Blades
  1418 | D:2      | Reached skill level 1 in Axes
  1418 | D:2      | Reached skill level 1 in Maces & Flails
  1418 | D:2      | Reached skill level 1 in Polearms
  1418 | D:2      | Reached skill level 1 in Staves
  1418 | D:2      | Reached skill level 1 in Slings
  1418 | D:2      | Reached skill level 1 in Bows
  1418 | D:2      | Reached skill level 1 in Crossbows
  1418 | D:2      | Reached skill level 1 in Throwing
  1418 | D:2      | Reached skill level 1 in Armour
  1418 | D:2      | Reached skill level 1 in Shields
  1418 | D:2      | Reached skill level 1 in Unarmed Combat
  1418 | D:2      | Reached skill level 1 in Evocations
  1446 | D:2      | Reached XP level 4. HP: 32/32 MP: 5/13
  2348 | D:3      | Reached skill level 1 in Hexes
  2348 | D:3      | Reached skill level 1 in Charms
  2348 | D:3      | Reached skill level 1 in Necromancy
  2348 | D:3      | Reached skill level 1 in Transmutations
  2348 | D:3      | Reached skill level 1 in Fire Magic
  2348 | D:3      | Reached skill level 1 in Ice Magic
  2348 | D:3      | Reached skill level 1 in Air Magic
  2348 | D:3      | Reached skill level 1 in Earth Magic
  2348 | D:3      | Reached skill level 1 in Poison Magic
  2379 | D:3      | Noticed a bullfrog
  2392 | D:3      | Killed a bullfrog
  2392 | D:3      | Reached XP level 5. HP: 37/37 MP: 1/14
  2987 | D:3      | Reached XP level 6. HP: 40/44 MP: 12/16
  3195 | D:4      | Found a sand-covered staircase.
  3207 | Ossuary  | Entered an ossuary
  3418 | Ossuary  | Reached skill level 5 in Dodging
  3757 | Ossuary  | Reached XP level 7. HP: 44/50 MP: 18/18
  4094 | D:4      | Found a shadowy altar of Dithmenos.
  4666 | D:4      | Reached skill level 5 in Stealth
  5240 | D:5      | Entered Level 5 of the Dungeon
  5414 | D:5      | Noticed Eustachio
  5540 | D:5      | Killed Eustachio
  5540 | D:5      | Reached XP level 8. HP: 33/57 MP: 5/19
  5645 | D:5      | Found Noorijot's Gadget Shoppe.
  5681 | D:5      | Shot with an arrow by a centaur

Vault maps used:
D:1:      ebering_trefoil_3fold
D:3:      cheibrodos_fertilizer, serial_glass, glass_columns_a, glass_columns_b
D:4:      first_ration, nicolae_ossuary_entry_ruins,
          chequers_serial_rivers_large_b, minmay_door_square,
          nicolae_dithmenos_the_darkroom
D:5:      serial_shops, nicolae_shop_behind_doors, serial_column_ruins,
          column_ruins_square_large, column_ruins_grid_2,
          column_ruins_open_medium, column_ruins_open_tiny, column_ruins_grid_1,
          nicolae_ru_awakened_eye, uniq_eustachio
Ossuary:  minmay_ossuary_two_tombs

Skill      XL: |  1  2  3  4  5  6  7 |
---------------+----------------------+-----
Conjurations   | 2 3 |  3.2
Summonings     | 2 3 |  3.2
Translocations | 2 3 |  3.2
Invocations    | 1 2 3 |  3.2
Fighting       | 1 2 |  2.9
Short Blades   | 1 2 |  2.9
Long Blades    | 1 2 |  2.9
Axes           | 1 2 |  2.9
Maces & Flails | 1 2 |  2.9
Polearms       | 1 2 |  2.9
Staves         | 1 2 |  2.9
Slings         | 1 2 |  2.9
Bows           | 1 2 |  2.9
Crossbows      | 1 2 |  2.9
Throwing       | 1 2 |  2.9
Armour         | 1 2 |  2.9
Shields        | 1 2 |  2.9
Unarmed Combat | 1 2 |  2.9
Evocations     | 1 2 |  2.9
Hexes          | 1 2 |  2.3
Charms         | 1 2 |  2.3
Necromancy     | 1 2 |  2.3
Transmutations | 1 2 |  2.3
Fire Magic     | 1 2 |  2.3
Ice Magic      | 1 2 |  2.3
Air Magic      | 1 2 |  2.3
Earth Magic    | 1 2 |  2.3
Poison Magic   | 1 2 |  2.3
Dodging        | 5 |  5.4
Stealth        | 5 |  5.1
Spellcasting   | |  7.7

Action                   |  1- 3 |  4- 6 |  7- 9 || total
-------------------------+-------+-------+-------++-------
Melee: Club              |     4 |       |       ||     4
       War axe           |     1 |   109 |    37 ||   147
       Bite              |       |     8 |     4 ||    12
       Spear             |       |       |    36 ||    36
 Cast: Magic Dart        |    90 |    68 |    67 ||   225
       Call Imp          |     1 |       |    11 ||    12
       Conjure Flame     |     1 |    11 |    10 ||    22
  Use: Scroll            |     5 |     3 |     2 ||    10
       Potion            |       |       |     1 ||     1
 Stab: Sleeping          |       |     5 |     4 ||     9
  Eat: Chunk             |     1 |     4 |     7 ||    12
       Ration            |       |     1 |       ||     1
Armor: Robe              |     2 |    17 |    18 ||    37
Dodge: Dodged            |    16 |    64 |    71 ||   151

Table legend:
 A = Non-vault XP
 B = Vault XP
 C = Vault XP percentage of total XP
 D = Non-vault monster count
 E = Vault monster count
 F = Vault count percentage of total count
                 A         B        C        D         E       F
            +---------+---------+-------+---------+---------+-------
      Total |     636 |     679 |  51.6 |      86 |      54 |  38.6
            +---------+---------+-------+---------+---------+-------
        D:1 |      48 |       0 |   0.0 |      24 |       0 |   0.0
        D:2 |      48 |       0 |   0.0 |      26 |       0 |   0.0
        D:3 |     139 |     107 |  43.5 |      16 |      15 |  48.4
        D:4 |     281 |       0 |   0.0 |      14 |       0 |   0.0
        D:5 |     120 |     139 |  53.7 |       6 |       1 |  14.3
    Ossuary |       0 |     433 | 100.0 |       0 |      38 | 100.0
            +---------+---------+-------+---------+---------+-------
